 Dungeon Crawl Stone Soup version 0.29-a0-717-g6dac4ea423 (webtiles) character file.

Game seed: 94191727487478198

949118 vineage the Conqueror (level 27, -17/199 HPs)
             Began as a Gargoyle Fighter on June 25, 2022.
             Was the Champion of the Shining One.
             Killed from afar by a Hell Sentinel (19 damage)
             ... with damnation
             ... summoned by Dispater
             ... on level 7 of the Iron City of Dis on June 26, 2022.
             The game lasted 02:36:04 (99275 turns).

vineage the Conqueror (Gargoyle Fighter)           Turns: 99275, Time: 02:36:05

Health: -17/199    AC: 52    Str: 41    XL:     27
Magic:  0/31       EV: 25    Int: 24    God:    the Shining One [******]
Gold:   9545       SH: 50    Dex: 25    Spells: 26/26 levels left

rFire   + + .      SeeInvis .   w - +9 eveningstar (flame)
rCold   + + .      Faith    .   Q - +5 tower shield "Ywub" {Drain +Blink rPois rN+}
rNeg    + + +      Spirit   +   O - +9 plate armour "Luqob" {+Inv Dex+4}
rPois   ∞          Reflect  .   g - +1 hat of Lugonu's Approval {Str+4}
rElec   +          Harm     .   j - scarf {rC+ rF+}
rCorr   .          Rampage  .   Y - +0 pair of gloves of Lucidity {rElec rN+ Int+2 Dex+4}
Will    +++..                   r - +3 pair of mountain boots {steadfast, rC+}
Stlth   ..........              A - amulet "Tetasad" {Spirit Fly Str+5 Stlth-}
HPRegen 0.43/turn               D - ring "Xiup" {rF+ Will+ Str+3 Int+2 Slay+3}
MPRegen 0.22/turn               S - ring of the Catfish {MP-9 Int+6 Dex+8 Slay+5}

@: mighty, divinely shielded, on berserk cooldown, flying, hasted and slowed,
glowing, studying 3 skills, unable to read, corroded
A: sickness immunity, AC +20, big wings, negative energy resistance 1,
electricity resistance, torment resistance 1, petrification resistance, horns 1,
no potion heal 1, subdued magic 1, inability to read while threatened 1
}: 8/15 runes: serpentine, barnacled, slimy, silver, obsidian, icy, bone,
abyssal
a: Renounce Religion, Evoke Blink, Evoke Invisibility, Divine Shield, Cleansing
Flame, Summon Divine Warrior


You were on level 7 of the Iron City of Dis.
You worshipped the Shining One.
The Shining One was exalted by your worship.
You visited 17 branches of the dungeon, and saw 85 of its levels.
You visited the Abyss 4 times.
You visited 1 bazaar.
You also visited: Gauntlet and Ice Cave.

You collected 12187 gold pieces.
You spent 2642 gold pieces at shops.

Inventory:

Hand Weapons
 l - a +9 sacred scourge of holy wrath
 w - a +9 eveningstar of flaming (weapon)
Missiles
 F - 3 throwing nets (quivered)
Armour
 g - the +1 hat of Lugonu's Approval (worn) {Str+4}
   (You acquired it on level 2 of the Snake Pit)

   Str:       It affects your strength (+4).
 j - a scarf of resistance (worn)
 r - the +3 pair of mountain boots (worn) {steadfast, rC+}
   (You acquired it on level 5 of the Vaults)

   It prevents involuntary movement, except for blinking, teleportation, or
   banishment.
   rC:        It protects you from cold.
 O - the +9 plate armour "Luqob" (worn) {+Inv Dex+4}
   (Okawaru gifted it to you on level 2 of the Vaults)

   Dex:       It affects your dexterity (+4).
   +Inv:      It lets you turn invisible.
 Q - the +5 tower shield "Ywub" (worn) {Drain +Blink rPois rN+}
   (Okawaru gifted it to you on level 2 of the Elven Halls)

   rPois:     It protects you from poison.
   rN:        It protects you from negative energy.
   +Blink:    It lets you blink.
   Drain:     It drains your maximum health when unequipped.
 Y - the +0 pair of gloves of Lucidity (worn) {rElec rN+ Int+2 Dex+4}
   (Okawaru gifted it to you on level 3 of the Vaults)

   Int:       It affects your intelligence (+2).
   Dex:       It affects your dexterity (+4).
   rElec:     It insulates you from electricity.
   rN:        It protects you from negative energy.
Jewellery
 a - an amulet of the acrobat
 f - the ring of Vuceemposa {Fly rElec Int+2 Dex+4}
   (You found it on level 5 of the Pits of Slime)

   [ring of flight]

   Int:       It affects your intelligence (+2).
   Dex:       It affects your dexterity (+4).
   rElec:     It insulates you from electricity.
   Fly:       It grants you flight.
 s - a ring of ice
 A - the amulet "Tetasad" (around neck) {Spirit Fly Str+5 Stlth-}
   (You found it on level 7 of Cocytus)

   [amulet of guardian spirit]

   It causes incoming damage to be divided between your reserves of health and
   magic.
   Str:       It affects your strength (+5).
   Fly:       It grants you flight.
   Stlth:     It makes you less stealthy.
 B - a +4 ring of protection
 D - the ring "Xiup" (left hand) {rF+ Will+ Str+3 Int+2 Slay+3}
   (You took it off a deep elf sorcerer on level 3 of the Elven Halls)

   [ring of willpower]

   Str:       It affects your strength (+3).
   Int:       It affects your intelligence (+2).
   Slay:      It affects your accuracy & damage with ranged weapons and melee
   (+3).
   rF:        It protects you from fire.
   Will:      It increases your willpower.
 J - the ring of Tender Moments {Int+6 Dex+4}
   (You took it off a vault guard on level 5 of the Vaults)

   [ring of intelligence]

   Int:       It affects your intelligence (+6).
   Dex:       It affects your dexterity (+4).
 L - an amulet of guardian spirit
 M - the ring of the Sky {Ice rCorr Dex-3 Slay+5}
   (You found it in a Gauntlet)

   [ring of ice]

   It enhances your ice magic.
   Dex:       It affects your dexterity (-3).
   Slay:      It affects your accuracy & damage with ranged weapons and melee
   (+5).
   rF:        It makes you vulnerable to fire.
   rC:        It protects you from cold.
   rCorr:     It protects you from acid and corrosion.
 P - the ring of Untruth {Wiz Int+3}
   (You found it on level 5 of the Vaults)

   [ring of wizardry]

   It improves your spell success rate.
   Int:       It affects your intelligence (+3).
 R - a ring of fire
 S - the ring of the Catfish (right hand) {MP-9 Int+6 Dex+8 Slay+5}
   (You acquired it on level 5 of Cocytus)

   [ring of intelligence]

   Int:       It affects your intelligence (+6).
   Dex:       It affects your dexterity (+8).
   Slay:      It affects your accuracy & damage with ranged weapons and melee
   (+5).
   MP:        It affects your magic capacity (-9).
 V - the brooch of Shielding {Spirit SH+8}
   (You found it on level 7 of Tartarus)

   [amulet of guardian spirit]

   It causes incoming damage to be divided between your reserves of health and
   magic.
   SH:        It affects your SH (+8).
 Z - the ring "Muebyex" {rF+ Str+6 Int-4}
   (You found it on level 7 of Tartarus)

   [ring of protection from fire]

   Str:       It affects your strength (+6).
   Int:       It affects your intelligence (-4).
   rF:        It protects you from fire.
Wands
 m - a wand of polymorph (7)
 n - a wand of digging (19)
 y - a wand of flame (30)
 E - a wand of acid (3)
 T - a wand of charming (7)
 U - a wand of iceblast (6)
 X - a wand of mindburst (13)
Scrolls
 e - 6 scrolls of poison
 h - 16 scrolls of magic mapping
 i - 8 scrolls of blinking
 o - 12 scrolls of teleportation
 p - 9 scrolls of amnesia
 G - 11 scrolls of fear
 H - 4 scrolls of silence
 I - 17 scrolls of fog
 K - 8 scrolls of enchant armour
Potions
 b - 7 potions of mutation
 c - 4 potions of cancellation
 k - 5 potions of brilliance
 q - 5 potions of haste
 t - 19 potions of curing
 u - 17 potions of lignification
 v - 3 potions of might
 x - 8 potions of resistance
 z - 7 potions of ambrosia
 C - 7 potions of invisibility
 N - 6 potions of magic
 W - 3 potions of berserk rage


   Skills:
 O Level 27 Fighting
 O Level 27 Maces & Flails
 O Level 27 Armour
 + Level 18.6 Dodging
 - Level 8.6 Stealth
 O Level 27 Shields
 O Level 27 Invocations
 - Level 8.4 Evocations


You had 26 spell levels left.
You didn't know any spells.
Your spell library contained the following spells:

 Spells                   Type           Power      Damage    Failure   Level
 Apportation              Tloc           0%         N/A       26%         1
 Foxfire                  Conj/Fire      0%         2x1d4     26%         1
 Magic Dart               Conj           0%         1d3       26%         1
 Necrotize                Necr           0%         1d4       26%         1
 Shock                    Conj/Air       0%         1d3       26%         1
 Slow                     Hex            0%         N/A       26%         1
 Sting                    Tmut/Pois      0%         1d3       26%         1
 Summon Small Mammal      Summ           0%         N/A       26%         1
 Call Imp                 Summ           0%         N/A       38%         2
 Ensorcelled Hibernation  Hex/Ice        0%         N/A       38%         2
 Passwall                 Tmut/Erth      0%         N/A       38%         2
 Poisonous Vapours        Pois/Air       0%         N/A       38%         2
 Searing Ray              Conj           0%         2d4       38%         2
 Static Discharge         Conj/Air       0%         N/A       38%         2
 Confusing Touch          Hex            0%         N/A       63%         3
 Conjure Flame            Conj/Fire      0%         6-21      63%         3
 Dazzling Flash           Conj/Hex       0%         N/A       63%         3
 Frozen Ramparts          Ice            0%         1d2       63%         3
 Gell's Gravitas          Tloc           0%         N/A       63%         3
 Ignite Poison            Fire/Tmut/Pois 0%         N/A       63%         3
 Inner Flame              Hex/Fire       0%         N/A       63%         3
 Mephitic Cloud           Conj/Pois/Air  0%         N/A       63%         3
 Ozocubu's Armour         Ice            0%         N/A       63%         3
 Portal Projectile        Hex/Tloc       0%         N/A       63%         3
 Spider Form              Tmut/Pois      0%         N/A       63%         3
 Stone Arrow              Conj/Erth      0%         3d7       63%         3
 Swiftness                Air            0%         N/A       63%         3
 Teleport Other           Tloc           0%         N/A       63%         3
 Tukima's Dance           Hex            0%         N/A       63%         3
 Vampiric Draining        Necr           0%         2d6       63%         3
 Airstrike                Air            0%         N/A       96%         4
 Anguish                  Hex/Necr       0%         N/A       96%         4
 Animate Armour           Summ/Erth      0%         N/A       96%         4
 Cause Fear               Hex            0%         N/A       96%         4
 Corpse Rot               Necr/Pois/Air  0%         N/A       96%         4
 Dispel Undead            Necr           0%         3d6       96%         4
 Flame Wave               Conj/Fire      0%         2d4       96%         4
 Fulminant Prism          Conj/Hex       0%         3d6       96%         4
 Hailstorm                Conj/Ice       0%         3d3       96%         4
 Ice Form                 Ice/Tmut       0%         N/A       96%         4
 Leda's Liquefaction      Hex/Erth       0%         N/A       96%         4
 Olgreb's Toxic Radiance  Pois           0%         N/A       96%         4
 Passage of Golubria      Tloc           0%         N/A       96%         4
 Sticky Flame             Conj/Fire      0%         2d3       96%         4
 Summon Ice Beast         Ice/Summ       0%         N/A       96%         4
 Summon Lightning Spire   Summ/Air       0%         N/A       96%         4
 Agony                    Necr           0%         N/A       100%        5
 Blade Hands              Tmut           0%         N/A       100%        5
 Borgnjor's Vile Clutch   Necr/Erth      0%         N/A       100%        5
 Freezing Cloud           Conj/Ice/Air   0%         6-21      100%        5
 Irradiate                Conj/Tmut      0%         3d13      100%        5
 Iskenderun's Battlesphe  Conj           0%         2d6       100%        5
 Lee's Rapid Deconstruct  Erth           0%         3d5*      100%        5
 Lightning Bolt           Conj/Air       0%         1d11      100%        5
 Silence                  Hex/Air        0%         N/A       100%        5
 Yara's Violent Unravell  Hex/Tmut       0%         3d3       100%        5
 Conjure Ball Lightning   Conj/Air       0%         3x3d6     100%        6
 Death Channel            Necr           0%         N/A       100%        6
 Dispersal                Tloc           0%         N/A       100%        6
 Iron Shot                Conj/Erth      0%         9d1       100%        6
 Simulacrum               Ice/Necr       0%         N/A       100%        6
 Dragon Form              Tmut           0%         N/A       100%        7
 Ozocubu's Refrigeration  Ice            0%         4d5       100%        7
 Spellforged Servitor     Conj/Summ      0%         N/A       100%        7
 Borgnjor's Revivificati  Necr           0%         N/A       100%        8
 Discord                  Hex            0%         N/A       100%        8
 Disjunction              Tloc           0%         N/A       100%        8
 Ignition                 Fire           0%         3d3       100%        8
 Lehudib's Crystal Spear  Conj/Erth      0%         10d2      100%        8
 Necromutation            Tmut/Necr      0%         N/A       100%        8
 Death's Door             Necr           0%         N/A       100%        9
 Dragon's Call            Summ           0%         N/A       100%        9
 Polar Vortex             Ice            0%         N/A       100%        9
 Statue Form              Tmut/Erth      Unusable   N/A       N/A         6

Dungeon Overview and Level Annotations

Branches:
Dungeon (15/15)            Temple (1/1) D:6            Lair (6/6) D:8
 Shoals (4/4) Lair:3        Snake (4/4) Lair:3        Slime (5/5) Lair:5
    Orc (2/2) D:12            Elf (3/3) Orc:2        Vaults (5/5) D:14
  Crypt (3/3) Vaults:2       Tomb (0/3) Crypt:3      Depths (4/4) D:15
   Hell (visited)             Dis (7/7) Hell            Geh (7/7) Hell
    Coc (7/7) Hell            Tar (7/7) Hell            Zot (4/5) Depths:4
  IceCv (visited)         Gauntlet (visited)

Altars:
Ashenzari
Cheibriados
Dithmenos
Elyvilon
Fedhas
Gozag
Hepliaklqana
Kikubaaqudgha
Makhleb
Nemelex Xobeh
Okawaru
Qazlal
Ru
Sif Muna
Trog
Uskayaw
Vehumet
Wu Jian
Xom
Yredelemnul
Zin
The Shining One
Beogh
Jiyva

Shops:
Orc:2 !:(*(   Elf:2 (*=   Shoals:1 [*   Shoals:3 (   Shoals:4 :   Snake:1 =
Snake:2 (   Snake:3 *   Vaults:3 *   Depths:1 ==:=   Depths:2 ?   Depths:3 *
Depths:4 (*?(

Portals:
Hell: Depths:1 Depths:2 Depths:3 Depths:4
Abyss: Depths:3 Depths:4
Pandemonium: Depths:2
Ziggurat: Depths:4

Annotations:
Dis:7 Dispater


Innate Abilities, Weirdness & Mutations

You are immune to sickness and miasma.
Your stone body is resilient. (AC +20)
You are immune to poison.
Your large and strong wings let you fly.
You resist negative energy. (rN+)
You are resistant to electric shocks. (rElec)
You are resistant to unholy torment.
You are immune to petrification.
You have a pair of small horns on your head.
Potions are less effective at restoring your health.
Your spells are a little easier to cast, but a little less powerful.
You occasionally lose the ability to read scrolls when taking damage.


Message History

Unknown command.
You cannot read scrolls in your current state!
Your system partially rejects the healing.
You feel much better.
Your system partially rejects the healing.
You feel much better.
Dispater gestures.
The iron giant throws Dispater at you!
* * * LOW HITPOINT WARNING * * *
There is an open door here.
Dispater gestures at you. You block the crystal spear.
Okay, then.
Okay, then.
You feel very mighty all of a sudden. You block Dispater's attack.
You sock Dispater! You headbutt Dispater.
Dispater is lightly wounded.
You puncture Dispater!
Dispater is lightly wounded.
Dispater gestures.
You spit Dispater like a pig!!!!
Dispater is moderately wounded.
Dispater hits you with the +4 staff of Dispater!!
* * * LOW HITPOINT WARNING * * *
You block the Hell Sentinel's attack. x2
You bludgeon Dispater!!
Dispater is moderately wounded.
You block the Hell Sentinel's attack. x2; You block Dispater's attack.
You hit Dispater but do no damage. You headbutt Dispater.
Dispater is heavily wounded.
You block the Hell Sentinel's attack. x2; The Hell Sentinel closely misses you.
The Hell Sentinel hits you but does no damage.
You puncture Dispater!
You headbutt Dispater, but do no damage.
Dispater is heavily wounded.
You block Dispater's attack. The Hell Sentinel gestures at you.
The sphere of damnation explodes!
The damnation engulfs you!!
You die...

.............#########.....#
.............#.......#.....#
.#.#.#.#.#.#.####'##.#.....#
##############.....#.#.....#
##")#..'..#..'.....#[#.....#
.#})'..#..'..####'####.....#
.################.##.......#
.#.............1..###......#
.'..............@&##.......#
.################1###......#
.#,,..,*,,,,,'.#..##.......#
.#,,...*,,,,,#.#.1###......#
##,,...#######.#..##.......#
,,,,...........#..###......#
****#.....1....#'###.......#
**,,...#..#..#.#..###......#
*,,,..............##.......#


You could see Dispater and 3 Hell Sentinels.

Vanquished Creatures
  Antaeus (Coc:7)
  Asmodeus (Geh:7)
  the Royal Jelly (Slime:5)
  the Serpent of Hell (Coc:7)
  10 dread liches
  4 ancient liches
  2 juggernauts (Depths:2)
  Vv (Zot:4)
  30 shard shrikes
  Margery (Crypt:3)
  A Killer Klown (Zot:2)
  Saint Roka (Depths:1)
  34 caustic shrikes
  A curse toe (Zot:1)
  The ghost of DuloT34 the Metallomancer, a veteran GrIE of Vehumet (Vaults:3)
  Geryon (Hell)
  12 golden dragons
  6 profane servitors
  37 bone dragons
  28 doom hounds
  22 Tzitzimimeh
  2 electric golems (Zot:1)
  8 Brimstone Fiends
  6 iron giants
  15 Hell Sentinels
  14 tentacled monstrosities
  Jorgrun (Shoals:1)
  24 tainted leviathans
  A walking earthen tome (Depths:3)
  6 liches
  A spectral shard shrike (Tar:4)
  15 hellephants
  14 Ice Fiends
  Grunn (Zot:4)
  5 deep elf blademasters
  A walking frostbound tome (Depths:2)
  10 quicksilver dragons
  26 titans
  16 acid blobs
  26 searing wretches
  Murray (Depths:4)
  The ghost of Osuukh the Warrior, an adept TeHu of Hepliaklqana (Shoals:1)
  8 sphinxes
  7 deep elf master archers
  2 tentacled starspawn (Abyss:3)
  A kraken (Shoals:1)
  Gastronok (Lair:3)
  8 shadow dragons
  5 death cobs
  26 ancient champions
  15 storm dragons
  6 tengu reavers
  9 rockslimes
  12 draconian monks
  8 azure jellies
  7 nagarajas
  9 quicksilver elementals
  3 draconian knights (Zot:2)
  Aizul (Depths:1)
  2 spectral juggernauts
  12 deep elf sorcerers
  17 narguns
  5 draconian scorchers
  29 balrugs
  30 fire giants
  7 shard shrike simulacra
  23 vault wardens
  31 frost giants
  A ghost moth (Zot:3)
  8 iron dragons
  30 very ugly things
  2 caustic shrike zombies
  6 deep elf elementalists (Elf:3)
  7 ghouls
  A spectral caustic shrike (Tar:4)
  4 draconian shifters
  19 ironbound preservers
  5 draconian annihilators
  32 war gargoyles
  A caustic shrike skeleton (Hell)
  2 spriggan defenders (Depths:2)
  A juggernaut skeleton (Crypt:3)
  5 quicksilver oozes
  16 reapers
  5 ironbound thunderhulks
  23 stone giants
  29 elemental wellsprings
  The ghost of anonymous the Fighter, a journeyman OgGl of the Shining One (D:10)
  The ghost of Zgarb the Devastator, a journeyman GrEE of Ru (Orc:2)
  8 black draconians
  A spectral titan (Tar:4)
  12 vampire knights
  12 green draconians
  18 wendigos
  7 deep elf annihilators
  24 putrid mouths
  22 dire elephants
  14 red draconians
  12 purple draconians
  2 minotaurs
  9 deep elf demonologists
  2 entropy weavers
  10 white draconians
  10 iron golems
  4 spark wasps
  A spectral elf (Tar:2)
  5 yellow draconians
  2 spectral quicksilver dragons (Tar:4)
  A green death (Hell)
  4 crystal guardians
  10 ettins
  6 merfolk impalers
  4 blizzard demons (Geh:4)
  5 deep elf death magi (Elf:3)
  20 eidola
  A merfolk javelineer (Shoals:1)
  12 fire dragons
  5 jiangshi
  5 deep elf high priests
  11 great orbs of eyes
  6 spectral spriggans
  2 spriggan zombies
  9 ice dragons
  11 hydras
  6 caustic shrike simulacra
  15 yaktaur captains
  5 boulder beetles
  3 ogre magi (Vaults:5)
  14 salamander tyrants
  7 juggernaut simulacra
  10 ironbound frosthearts
  6 rakshasas
  2 two-headed ogres
  Harold (Lair:2)
  11 anacondas
  3 catoblepae
  Erica (D:9)
  2 peacekeepers
  5 merfolk aquamancers
  39 vault guards
  6 merfolk avatars
  14 stokers
  2 death knights
  A catoblepas (shapeshifter) (Vaults:1)
  5 spriggan air magi
  A fenstrider witch skeleton (Crypt:1)
  3 alligator snapping turtles
  8 naga warriors
  A spectral stone giant (Tar:1)
  26 centaur warriors
  3 deep troll earth magi
  3 satyrs
  31 hell hogs
  2 spectral dire elephants
  6 tengu warriors
  39 dancing weapons
  7 deep troll shamans
  6 vampire magi
  The ghost of jazmu the Thaumaturge, a journeyman OpEE of Sif Muna (D:10)
  19 death yaks
  Urug (Lair:1)
  9 shock serpents
  10 naga sharpshooters
  17 deep elf knights
  26 hell knights
  A spectral orc (Tar:2)
  2 thrashing horrors (Abyss:3)
  2 spriggan berserkers
  9 sun demons
  9 crystal echidnas
  2 spectral nagas
  6 soul eaters
  3 wretched stars (Abyss:3)
  26 shadow wraiths
  A salamander mystic (Snake:2)
  Amaemon (Lair:3)
  A titan skeleton (Crypt:3)
  Lodul (D:14)
  31 skeletal warriors
  5 iron trolls
  A spatial maelstrom (Abyss:3)
  A golden dragon zombie (Crypt:3)
  A death drake (Tar:3)
  57 deep trolls
  An entropy weaver zombie (Crypt:2)
  5 glowing orange brains
  A swamp dragon (shapeshifter) (Depths:3)
  9 sea snakes
  3 spectral anacondas
  A spectral hydra (Tar:4)
  A fenstrider witch simulacrum (Coc:1)
  5 flayed ghosts
  2 obsidian statues
  A golden dragon skeleton (Depths:2)
  16 deep elf archers
  2 glowing orange brains (shapeshifter)
  A spectral iron dragon (Tar:2)
  2 bunyip skeletons (Crypt:3)
  5 quicksilver dragon simulacra
  6 spriggan simulacra
  28 ironbound convokers
  2 starcursed masses (Abyss:3)
  2 shadow demons (Tar:3)
  Pikel (D:6)
  26 deep elf pyromancers
  A tengu zombie (Vaults:3)
  9 naga ritualists
  8 wizards
  14 harpies
  18 phantasmal warriors
  7 lindwurms
  19 deep elf zephyrmancers
  25 necromancers
  3 orc knights
  3 shining eyes
  2 spectral merfolk (Shoals:1)
  13 salamanders
  10 orc sorcerers
  14 fauns
  A spectral ettin (Tar:1)
  11 mana vipers
  38 ugly things
  An iron dragon zombie (Crypt:3)
  7 cyclopes
  A wolf spider (shapeshifter) (Depths:2)
  26 manticores
  A spectral centaur (Tar:1)
  A stone giant skeleton (Crypt:3)
  2 worldbinders (Abyss:3)
  19 moths of wrath
  A black mamba (shapeshifter) (Elf:3)
  26 elephants
  A fire giant zombie (Depths:2)
  4 guardian serpents (Snake:4)
  A naga zombie (Hell)
  A centaur zombie (Hell)
  The ghost of KingMieszko3 the Skirmisher, a novice MiFi (D:5)
  2 dire elephant zombies
  8 water nymphs
  2 ice statues
  29 black mambas
  A torpor snail (Lair:6)
  9 merfolk sirens
  3 gargoyles
  11 naga magi
  2 eyes of devastation
  22 vault sentinels
  6 molten gargoyles
  2 titan simulacra
  8 smoke demons
  20 hellions
  13 cane toads
  2 orange demons
  2 unseen horrors
  A storm dragon simulacrum (Coc:1)
  An unseen horror (shapeshifter) (Elf:2)
  An iron giant simulacrum (Coc:3)
  3 rime drakes
  A demonic crawler (Hell)
  6 freezing wraiths
  A sea snake zombie (Crypt:2)
  32 tormentors
  7 komodo dragons
  40 yaktaurs
  2 redback zombies
  4 anaconda simulacra
  2 ancient zymes (Abyss:3)
  A death yak skeleton (Crypt:1)
  2 golden dragon simulacra
  4 tengu conjurers
  A meliai (shapeshifter) (D:12)
  A silent spectre (Tar:1)
  A minotaur skeleton (Crypt:1)
  2 harpy zombies
  A yaktaur skeleton (Vaults:1)
  22 spectral harpies
  11 polar bears
  2 shadow dragon simulacra
  8 trolls
  A wolf spider simulacrum (D:15)
  29 merfolk
  10 wind drakes
  A polar bear (shapeshifter) (Depths:3)
  2 merfolk (shapeshifter) (D:15)
  A raiju (Vaults:2)
  A tarantella zombie (Crypt:2)
  A tarantella (shapeshifter) (D:13)
  18 blink frogs
  A wind drake (shapeshifter) (D:13)
  9 hornets
  95 slime creatures
  2 spectral elephants (Lair:6)
  14 dream sheep
  4 iron dragon simulacra
  A meliai zombie (Crypt:2)
  A radroach zombie (Crypt:1)
  13 snapping turtles
  2 stone giant simulacra
  A frost giant simulacrum (Vaults:1)
  44 yaks
  37 flying skulls
  2 centaur simulacra
  A jumping spider (shapeshifter) (Vaults:3)
  2 small abominations (Abyss:3)
  19 water elementals
  3 air elementals
  An ettin skeleton (Crypt:2)
  2 shadows
  4 ynoxinuls (Abyss:3)
  8 dire elephant simulacra
  5 wyverns
  2 large abominations (Abyss:3)
  9 wraiths
  2 spriggans (Depths:3)
  4 fire elementals
  2 alligator snapping turtle simulacra
  21 humans (D:14)
  7 basilisks
  4 golden eyes
  8 vampire mosquitoes
  A chaos spawn (Abyss:3)
  3 steam dragons
  A death yak simulacrum (Lair:6)
  A sea snake simulacrum (Shoals:1)
  A neqoxec (Abyss:3)
  2 spatial vortices (Abyss:3)
  41 nagas
  3 glowing shapeshifter zombies
  11 harpy simulacra
  15 wargs
  8 hell hounds (Elf:1)
  18 water moccasins
  2 spectral cane toads (Lair:6)
  A swamp drake (shapeshifter) (Depths:3)
  3 hydra simulacra
  A floating eye (Slime:5)
  2 ice beasts
  25 orc warriors
  A sky beast (D:7)
  2 black bears
  2 glowing shapeshifter skeletons
  An elephant zombie (Lair:6)
  7 ettin simulacra
  9 ogres
  An ice dragon simulacrum (Crypt:2)
  4 boggarts (Lair:4)
  A tengu (shapeshifter) (D:13)
  A swamp dragon zombie (Crypt:1)
  26 wolves
  A shining eye zombie (Crypt:1)
  2 wind drake simulacra (Shoals:1)
  31 centaurs
  A lemure (D:6)
  6 kobold brigands
  8 earth elementals
  A gnoll sergeant (D:13)
  11 necrophages
  10 bullfrogs
  4 naga simulacra
  6 scorpions
  A water nymph simulacrum (Shoals:1)
  10 wights
  A snapping turtle simulacrum (Shoals:1)
  A human simulacrum (Vaults:3)
  A manticore simulacrum (Shoals:1)
  A floating eye simulacrum (Depths:2)
  27 killer bees
  6 howler monkeys
  5 electric eels
  A polar bear skeleton (Crypt:1)
  A crimson imp (Geh:4)
  A quasit (Abyss:3)
  15 orc priests
  5 hounds
  5 jellies
  Crazy Yiuf (D:2)
  A cyclops simulacrum (Shoals:1)
  7 iguanas
  Terence (D:1)
  A gnoll shaman (D:9)
  A black bear skeleton (Crypt:2)
  41 orc wizards
  A boggart skeleton (Crypt:2)
  7 hell rats
  Robin (D:3)
  10 adders
  A gnoll (D:5)
  2 white imps (D:5)
  An ufetubus (D:6)
  5 dart slugs
  84 orcs
  16 endoplasms
  3 giant cockroaches
  12 goblins
  8 hobgoblins
  5 jackals
  33 kobolds
  A quokka (D:1)
  8 ball pythons
  A bat (shapeshifter) (Vaults:4)
  8 bats
  2 frilled lizards (D:3)
  An orc skeleton (Crypt:2)
  4 rats
  A spectral hobgoblin (D:7)
  18 fire vortices
  A starspawn tentacle (Abyss:3)
3442 creatures vanquished.

Vanquished Creatures (collateral kills)
  Ereshkigal (Tar:7)
  2 Brimstone Fiends (Geh:7)
  A Tzitzimitl (Tar:7)
  An Ice Fiend (Coc:7)
  A tainted leviathan (Tar:7)
  2 fire giants (Geh:7)
  A draconian scorcher (Zot:1)
  A balrug (Geh:7)
  A draconian stormcaller (Zot:1)
  A green draconian (Zot:4)
  A moth of wrath (Zot:1)
  A hellion (Geh:7)
14 creatures vanquished.

Vanquished Creatures (others)
  A hellephant (Geh:2)
  A fire giant (Depths:3)
  A vampire knight (Depths:2)
  A rakshasa (Depths:3)
  2 caustic shrike simulacra (Coc:7)
  A deep elf knight (Elf:1)
  A quicksilver dragon simulacrum (Coc:1)
  A deep elf pyromancer (Elf:1)
  An elephant (Abyss:3)
  A vault sentinel (Vaults:3)
  A hellion (Coc:7)
  3 titan simulacra
  A golden dragon simulacrum (Coc:7)
  A tormentor (Geh:2)
  2 iron giant simulacra (Coc:7)
  A spectral harpy (Geh:1)
  A chaos spawn (Abyss:3)
  4 orc wizards (Orc:2)
  4 orcs (Orc:2)
  A kobold (D:9)
  2 creeping infernos
  47 fungi
  132 plants
  11 starspawn tentacles (Abyss:3)
  4 tentacles (Shoals:1)
  7 toadstools (D:2)
  14 withered plants (Lair:6)
247 creatures vanquished.

Grand Total: 3703 creatures vanquished

Notes
Turn   | Place    | Note
-------+----------+-------------------------------------------
     0 | D:1      | vineage the Gargoyle Fighter began the quest for the Orb.
     0 | D:1      | Reached XP level 1. HP: 14/14 MP: 1/1
   310 | D:1      | Found a faded altar of an unknown god.
   319 | D:1      | Reached XP level 2. HP: 19/19 MP: 2/2
   711 | D:1      | You fall into a shaft and drop 1 floor!
  1357 | D:2      | Noticed Terence
  1373 | D:1      | Killed Terence
  1374 | D:1      | Reached XP level 3. HP: 24/24 MP: 3/3
  1482 | D:2      | Reached XP level 4. HP: 29/29 MP: 4/4
  1641 | D:2      | Found a runed translucent door.
  1642 | D:2      | Noticed Crazy Yiuf
  1886 | D:2      | Reached XP level 5. HP: 3/33 MP: 5/5
  2428 | D:2      | Gained mutation: Your large and strong wings let you fly.
                  | [potion of mutation]
  2428 | D:2      | Gained mutation: You are weak. (Str -2) [potion of
                  | mutation]
  2430 | D:2      | Killed Crazy Yiuf
  3137 | D:3      | Noticed Robin
  3153 | D:3      | Killed Robin
  3154 | D:3      | Reached XP level 6. HP: 35/39 MP: 6/6
  3641 | D:3      | Reached XP level 7. HP: 59/59 MP: 7/7
  3911 | D:4      | Found an iron altar of Okawaru.
  3943 | D:4      | Became a worshipper of Warmaster Okawaru
  4919 | D:5      | Entered Level 5 of the Dungeon
  5083 | D:5      | Lost mutation: You are weak. (Str -2) [potion of mutation]
  5083 | D:5      | Lost mutation: Your large and strong wings let you fly.
                  | [potion of mutation]
  5083 | D:5      | Gained mutation: You have a pair of small horns on your
                  | head. [potion of mutation]
  5148 | D:5      | Reached skill level 5 in Maces & Flails
  5193 | D:5      | Reached * piety under Okawaru
  5194 | D:5      | Reached XP level 8. HP: 65/65 MP: 8/8
  5217 | D:5      | Reached skill level 5 in Armour
  5292 | D:5      | Found a runed translucent door.
  5353 | D:5      | Noticed KingMieszko3's ghost (novice MiFi)
  5947 | D:5      | Found a snail-covered altar of Cheibriados.
  6153 | D:5      | Reached ** piety under Okawaru
  6387 | D:5      | Killed KingMieszko3's ghost
  6388 | D:5      | Reached XP level 9. HP: 23/70 MP: 6/9
  7133 | D:6      | Noticed Pikel
  7136 | D:6      | Reached skill level 1 in Invocations
  7162 | D:6      | Found a basalt altar of Yredelemnul.
  7678 | D:6      | Found a transporter.
  7706 | D:6      | Killed Pikel
  7706 | D:6      | Reached *** piety under Okawaru
  7866 | D:6      | Found a transporter.
  7869 | D:6      | Found a staircase to the Ecumenical Temple.
  8818 | D:7      | Reached XP level 10. HP: 66/76 MP: 10/12
  9309 | D:7      | Found a hazy altar of Hepliaklqana.
  9789 | D:7      | Reached **** piety under Okawaru
  9974 | D:8      | Found a staircase to the Lair.
 11644 | D:9      | Found a shimmering blue altar of Sif Muna.
 11695 | D:9      | Noticed Erica
 11709 | D:9      | Killed Erica
 11709 | D:9      | Reached ***** piety under Okawaru
 11710 | D:9      | Reached XP level 11. HP: 69/80 MP: 11/14
 11912 | D:9      | Reached skill level 5 in Invocations
 13026 | D:10     | Entered Level 10 of the Dungeon
 13304 | D:10     | Found an opulent altar of Gozag.
 13382 | D:10     | Noticed a two-headed ogre
 13402 | D:9      | Reached skill level 10 in Maces & Flails
 13696 | D:9      | Killed a two-headed ogre
 14135 | D:10     | Received a gift from Okawaru
 14342 | D:10     | Found a runed translucent gate.
 14342 | D:10     | Found a runed translucent gate.
 14343 | D:10     | Found a runed translucent gate.
 14345 | D:10     | Noticed jazmu's ghost (journeyman OpEE)
 14345 | D:10     | Noticed anonymous's ghost (journeyman OgGl)
 14366 | D:10     | Found a burning altar of Makhleb.
 14430 | D:10     | Noticed a two-headed ogre
 14440 | D:10     | Killed a two-headed ogre
 14629 | D:10     | Killed anonymous's ghost
 14636 | D:10     | Killed jazmu's ghost
 14860 | D:11     | Reached XP level 12. HP: 40/86 MP: 11/17
 15591 | D:11     | Noticed a boulder beetle
 15644 | D:11     | Killed a boulder beetle
 16099 | D:12     | Found a gate leading to a gauntlet.
 16106 | Gauntlet | Entered a Gauntlet
 16106 | Gauntlet | Found a transporter.
 16106 | Gauntlet | Found a transporter.
 16106 | Gauntlet | Found a transporter.
 16107 | Gauntlet | Found a transporter.
 16108 | Gauntlet | Found a transporter.
 16109 | Gauntlet | Found a large runed translucent door.
 16110 | Gauntlet | Found a large runed translucent door.
 16111 | Gauntlet | Found a large runed translucent door.
 16111 | Gauntlet | Found a large runed translucent door.
 16111 | Gauntlet | Found a transporter.
 16111 | Gauntlet | Found a runed translucent door.
 16112 | Gauntlet | Found a large runed translucent door.
 16113 | Gauntlet | Found a large runed translucent door.
 16114 | Gauntlet | Found a large runed translucent door.
 16114 | Gauntlet | Found a large runed translucent door.
 16115 | Gauntlet | Found a runed translucent gate.
 16115 | Gauntlet | Found a runed translucent gate.
 16117 | Gauntlet | Noticed a tengu warrior
 16117 | Gauntlet | Found a transporter.
 16119 | Gauntlet | Found a transporter.
 16120 | Gauntlet | Found a transporter.
 16122 | Gauntlet | Found a transporter.
 16129 | Gauntlet | Noticed a ghost crab
 16131 | Gauntlet | Found a transporter.
 16135 | Gauntlet | Found a transporter.
 16138 | Gauntlet | Noticed a catoblepas
 16159 | Gauntlet | Found a runed translucent gate.
 16160 | Gauntlet | Found a large runed translucent door.
 16160 | Gauntlet | Found a large runed translucent door.
 16161 | Gauntlet | Found a large runed translucent door.
 16162 | Gauntlet | Found a large runed translucent door.
 16163 | Gauntlet | Found a large runed translucent door.
 16163 | Gauntlet | Found a large runed translucent door.
 16163 | Gauntlet | Found a runed translucent door.
 16164 | Gauntlet | Found a large runed translucent door.
 16165 | Gauntlet | Found a large runed translucent door.
 16502 | Gauntlet | Killed a tengu warrior
 16511 | Gauntlet | Received a gift from Okawaru
 16601 | Gauntlet | Killed a catoblepas
 16602 | Gauntlet | Reached skill level 10 in Armour
 16615 | Gauntlet | Identified the ring of the Sky {Ice rCorr Dex-3 Slay+5}
 16877 | Gauntlet | Noticed a minotaur
 16896 | Gauntlet | Killed a minotaur
 17767 | D:12     | Found a staircase to the Orcish Mines.
 17999 | D:12     | Noticed a seven-headed hydra
 18009 | D:12     | Killed a seven-headed hydra
 18143 | D:12     | Reached XP level 13. HP: 89/91 MP: 19/19
 19078 | Lair:1   | Entered Level 1 of the Lair of Beasts
 19095 | Lair:1   | Noticed Urug
 19214 | Lair:1   | Found a frozen archway.
 19251 | IceCv    | Entered an ice cave
 20521 | IceCv    | Received a gift from Okawaru
 20673 | IceCv    | Identified the +4 kite shield "Wicum" {Dex+4} (Okawaru
                  | gifted it to you in an ice cave)
 20673 | IceCv    | Received a gift from Okawaru
 21143 | IceCv    | Identified the +6 rapier of Gilet {speed, rPois MP+9 Str+3
                  | Dex-2}
 21322 | IceCv    | Noticed a frost giant
 21336 | IceCv    | Reached skill level 10 in Invocations
 21361 | IceCv    | Killed a frost giant
 21395 | IceCv    | Got the Handbook of Cold
 21807 | Lair:1   | Gained mutation: Your large and strong wings let you fly.
                  | [Gargoyle growth]
 21807 | Lair:1   | Reached XP level 14. HP: 81/96 MP: 21/21
 22006 | Lair:1   | Killed Urug
 22336 | Lair:2   | Reached skill level 15 in Maces & Flails
 22363 | Lair:2   | Reached ****** piety under Okawaru
 22495 | Lair:2   | Noticed Harold
 22503 | Lair:2   | Killed Harold
 22503 | Lair:2   | Identified the +2 pair of boots of the Red Skies {rElec
                  | Will- Str+5 SInv} (Okawaru gifted it to you on level 2 of
                  | the Lair of Beasts)
 22503 | Lair:2   | Received a gift from Okawaru
 23582 | Lair:3   | Noticed Amaemon
 23595 | Lair:3   | Killed Amaemon
 23651 | Lair:3   | Found a staircase to the Snake Pit.
 23866 | Lair:3   | Noticed Gastronok
 23879 | Lair:3   | Killed Gastronok
 24049 | Lair:3   | Found a staircase to the Shoals.
 25023 | Lair:5   | Received a gift from Okawaru
 25741 | Lair:5   | Reached XP level 15. HP: 101/101 MP: 23/23
 25751 | Lair:5   | Found a staircase to the Slime Pits.
 26069 | Lair:6   | Entered Level 6 of the Lair of Beasts
 26474 | Lair:6   | Received a gift from Okawaru
 26740 | Lair:6   | Reached skill level 15 in Fighting
 26880 | Lair:6   | Reached skill level 5 in Shields
 27326 | Lair:6   | Identified the +0 kite shield of an ossuary {rF+} (Okawaru
                  | gifted it to you on level 6 of the Lair of Beasts)
 27326 | Lair:6   | Received a gift from Okawaru
 27817 | Lair:6   | Got Kikubaaqudgh's Papyrus of Stolen Souls
 28730 | Orc:1    | Entered Level 1 of the Orcish Mines
 29040 | Orc:2    | Entered Level 2 of the Orcish Mines
 29040 | Orc:2    | Found a staircase to the Elven Halls.
 29102 | Orc:2    | Noticed Zgarb's ghost (journeyman GrEE)
 29119 | Orc:2    | Found a runed translucent gate.
 29119 | Orc:2    | Found a runed translucent gate.
 29119 | Orc:2    | Found a runed translucent gate.
 29286 | Orc:1    | Reached XP level 16. HP: 54/108 MP: 22/24
 29559 | Orc:1    | Found a shimmering altar of Xom.
 29680 | Orc:2    | Paralysed by an orc sorcerer for 4 turns
 29686 | Orc:1    | Paralysed by an orc sorcerer for 2 turns
 29883 | Orc:2    | Paralysed by an orc sorcerer for 2 turns
 29888 | Orc:1    | Paralysed by an orc sorcerer for 3 turns
 29927 | Orc:2    | Paralysed by an orc sorcerer for 4 turns
 29936 | Orc:2    | Paralysed by an orc sorcerer for 5 turns
 30091 | Orc:2    | Paralysed by an orc sorcerer for 5 turns
 30098 | Orc:2    | Found Emunatam's Weapon Emporium.
 30306 | Orc:2    | Found Suhyn's Book Boutique.
 30306 | Orc:2    | Found Baclephinty's Distillery.
 30321 | Orc:2    | Bought 2 potions of mutation for 240 gold pieces
 30321 | Orc:2    | Bought a potion of heal wounds for 75 gold pieces
 30321 | Orc:2    | Bought a potion of heal wounds for 75 gold pieces
 30381 | Orc:2    | Found Piteinoa's Weapon Boutique.
 30381 | Orc:2    | Found Yvvucefrio's Assorted Antiques.
 30600 | Orc:2    | Killed Zgarb's ghost
 30955 | D:13     | Identified the +1 scale mail of Untold Secrets {-Tele Int+2
                  | Dex+6} (Okawaru gifted it to you on level 13 of the
                  | Dungeon)
 30955 | D:13     | Received a gift from Okawaru
 31039 | D:13     | Identified the +8 halberd of Desertification {pain, *Noise
                  | rPois rN+++ Int-5}
 31330 | Abyss:3  | Cast into level 3 of the Abyss (a wizard)
 31353 | D:13     | Escaped the Abyss
 32202 | D:14     | Reached skill level 15 in Armour
 32240 | D:14     | Noticed Lodul
 32247 | D:14     | Killed Lodul
 32818 | D:14     | Found a gate to the Vaults.
 32902 | D:14     | Identified the amulet of Xeap {Regen+ Str+2}
 32966 | D:15     | Entered Level 15 of the Dungeon
 33448 | D:15     | Found a staircase to the Depths.
 33617 | D:15     | Identified the quicksilver dragon scales "Iwie" {+Blink
                  | Will+ Dex+6} (Okawaru gifted it to you on level 15 of the
                  | Dungeon)
 33617 | D:15     | Received a gift from Okawaru
 33618 | D:15     | Reached XP level 17. HP: 116/116 MP: 25/25
 33886 | Snake:1  | Entered Level 1 of the Snake Pit
 34025 | Snake:1  | Identified a scroll of acquirement
 34155 | Snake:1  | Reached skill level 10 in Shields
 34337 | Snake:1  | Found Vaoczag's Jewellery Shoppe.
 34340 | Snake:1  | Upgraded the game from 0.29-a0-700-g2f1814c7b2 to
                  | 0.29-a0-717-g6dac4ea423
 35495 | Snake:2  | Found Meonifell's Weapon Shoppe.
 36025 | Snake:2  | Acquired the +1 hat of Lugonu's Approval {Str+4}
 36088 | Snake:3  | Found a burning altar of Makhleb.
 36231 | Snake:3  | Found Nymoth's Neck Hole.
 36368 | Snake:3  | Identified the +2 robe of Relativism {*Corrode rElec rF++
                  | Stlth+} (Okawaru gifted it to you on level 3 of the Snake
                  | Pit)
 36368 | Snake:3  | Received a gift from Okawaru
 36742 | Snake:4  | Entered Level 4 of the Snake Pit
 37319 | Snake:4  | Reached XP level 18. HP: 97/125 MP: 26/26
 37700 | Snake:4  | Received a gift from Okawaru
 38391 | Snake:4  | Got a serpentine rune of Zot
 38637 | Shoals:1 | Entered Level 1 of the Shoals
 39130 | Shoals:1 | Found Wyamuogy's CLEARANCE SALE!.
 39199 | Shoals:1 | Found a runed translucent gate.
 39199 | Shoals:1 | Found a runed translucent gate.
 39200 | Shoals:1 | Found a runed translucent gate.
 39216 | Shoals:1 | Noticed Osuukh's ghost (adept TeHu)
 39750 | Shoals:1 | Noticed Jorgrun
 39764 | Shoals:1 | Killed Jorgrun
 40173 | Shoals:1 | Found Pyaro's Antique Armour Boutique.
 40537 | Shoals:1 | Killed Osuukh's ghost
 40577 | Shoals:1 | Identified the +1 robe of Awnotrigae {rElec rN+ rCorr
                  | Dex+3}
 42235 | Shoals:3 | Received a gift from Okawaru
 42235 | Shoals:3 | Found the +1 robe of Vines {NoPotionHeal Regen++++}
 42870 | Shoals:3 | Reached XP level 19. HP: 131/133 MP: 27/27
 43142 | Shoals:3 | Found Heesacro's Antique Weapon Emporium.
 43503 | Shoals:3 | Identified the +0 long sword of the Fulmar {flame, rElec
                  | rPois Will- Str-2 Int+7}
 43581 | Shoals:3 | Reached skill level 1 in Dodging
 43745 | Shoals:4 | Entered Level 4 of the Shoals
 43880 | Shoals:4 | Identified the +3 glaive of Evolution {antimagic, Dex+4}
 43993 | Shoals:4 | Got a barnacled rune of Zot
 44501 | Shoals:4 | Found Siusa's Book Boutique.
 45017 | Shoals:4 | Identified the +7 hand axe of Twilight {vamp, +Blink rPois
                  | Int-5}
 45571 | Elf:1    | Entered Level 1 of the Elven Halls
 46287 | Elf:1    | Paralysed by an air elemental for 1 turns
 46297 | Elf:1    | Paralysed by an air elemental for 1 turns
 46318 | Elf:1    | Identified the +0 plate armour of Somewhere Else {rElec rF-
                  | Str+5 Stlth+} (Okawaru gifted it to you on level 1 of the
                  | Elven Halls)
 46318 | Elf:1    | Received a gift from Okawaru
 46629 | Elf:1    | Identified the +4 scimitar "Dikaocwi" {protect, rPois Int+3
                  | Dex+6}
 46665 | Elf:1    | Paralysed by an air elemental for 1 turns
 47630 | Elf:1    | Reached skill level 15 in Shields
 48272 | Elf:2    | Found Soirrat's Weapon Shoppe.
 48334 | Elf:2    | Found Woerih's Jewellery Boutique.
 48363 | Elf:2    | Reached XP level 20. HP: 112/140 MP: 28/28
 48432 | Elf:2    | Found Nys Xoo's Assorted Antiques.
 48435 | Elf:2    | Identified the +1 ring mail of Amorous Creativity {rF+
                  | Str+5}
 48455 | Elf:2    | Found a flickering gateway to a bazaar.
 48464 | Bazaar   | Entered a bazaar
 48467 | Bazaar   | Found Kedasa's Distillery.
 48484 | Bazaar   | Found Xoklar's Jewellery Emporium.
 48509 | Bazaar   | Found Cioqas's Magic Scroll Boutique.
 48517 | Bazaar   | Bought a scroll of magic mapping for 31 gold pieces
 48517 | Bazaar   | Bought a scroll of magic mapping for 31 gold pieces
 48517 | Bazaar   | Found Ofamih's Antique Weapon Emporium.
 48550 | Bazaar   | Bought a potion of resistance for 90 gold pieces
 48550 | Bazaar   | Bought a potion of ambrosia for 72 gold pieces
 48550 | Bazaar   | Bought a potion of ambrosia for 72 gold pieces
 48758 | Elf:2    | Found a runed translucent gate.
 48758 | Elf:2    | Found a runed translucent gate.
 48758 | Elf:2    | Found a runed translucent gate.
 49788 | Elf:2    | Identified the +5 tower shield "Ywub" {Drain +Blink rPois
                  | rN+} (Okawaru gifted it to you on level 2 of the Elven
                  | Halls)
 49788 | Elf:2    | Received a gift from Okawaru
 49839 | Elf:2    | Reached skill level 5 in Dodging
 50045 | Elf:3    | Entered Level 3 of the Elven Halls
 50120 | Abyss:3  | Cast into level 3 of the Abyss (a deep elf sorcerer)
 50376 | Elf:3    | Escaped the Abyss
 50776 | Elf:3    | Identified the +6 quarterstaff of Wisdom {holy, +Blink rC++
                  | rN+ Stlth-}
 50776 | Elf:3    | Identified the ring "Qacum" {rPois rC+ rCorr Dex-5}
 50931 | Elf:3    | Identified the +12 great sword of Pufreu {vorpal, rPois rF+
                  | Str-2}
 50931 | Elf:3    | Identified the ring "Xiup" {rF+ Will+ Str+3 Int+2 Slay+3}
 50933 | Elf:3    | Identified the +6 rapier "Hellblazer" {vorpal, Fly Will+
                  | Stlth-}
 50935 | Elf:3    | Noticed a Brimstone Fiend
 51050 | Elf:3    | Identified the +8 short sword of Fate {drain, +Blink Will+
                  | MP+9 Dex-5}
 51065 | Elf:3    | Noticed a Tzitzimitl
 51423 | Abyss:3  | Cast into level 3 of the Abyss (a deep elf demonologist)
 51450 | Abyss:3  | Noticed a hellephant
 51578 | Abyss:3  | Found a corrupted altar of Lugonu.
 51578 | Abyss:3  | Noticed a hellephant
 51582 | Abyss:3  | Killed a hellephant
 51593 | Abyss:3  | Killed a hellephant
 51593 | Abyss:3  | Received a gift from Okawaru
 51597 | Abyss:3  | Got an abyssal rune of Zot
 51689 | Elf:3    | Escaped the Abyss
 52006 | Elf:3    | Noticed a Tzitzimitl
 52188 | Elf:3    | Noticed a Tzitzimitl
 52209 | Elf:3    | Identified the +1 chain mail of Lunat {Regen+ rCorr SInv}
 52264 | Elf:3    | Found the +3 giant club "Skullcrusher" {speed, Str+7}
 52272 | Elf:3    | Reached XP level 21. HP: 146/147 MP: 29/29
 52278 | Elf:3    | Identified the +12 great sword of Wulae {vorpal, rCorr
                  | Int+5}
 52916 | Vaults:1 | Entered Level 1 of the Vaults
 53327 | Vaults:1 | Identified the +4 chain mail of Okawaru's Esteem {rC-
                  | Regen+ Int-4 SInv} (Okawaru gifted it to you on level 1 of
                  | the Vaults)
 53327 | Vaults:1 | Received a gift from Okawaru
 54104 | Vaults:2 | Paralysed by a great orb of eyes for 2 turns
 54586 | Vaults:2 | Found an ancient bone altar of Kikubaaqudgha.
 54588 | Vaults:2 | Found a staircase to the Crypt.
 54589 | Vaults:2 | Found a basalt altar of Yredelemnul.
 54713 | Vaults:2 | Identified the +9 plate armour "Luqob" {+Inv Dex+4}
                  | (Okawaru gifted it to you on level 2 of the Vaults)
 54713 | Vaults:2 | Received a gift from Okawaru
 54766 | Vaults:2 | Reached XP level 22. HP: 37/156 MP: 30/30
 54955 | Abyss:3  | Cast into level 3 of the Abyss (a deep elf demonologist)
 55112 | Vaults:2 | Escaped the Abyss
 55961 | Vaults:3 | Received a gift from Okawaru
 56160 | Vaults:3 | Identified the +0 pair of gloves of Lucidity {rElec rN+
                  | Int+2 Dex+4} (Okawaru gifted it to you on level 3 of the
                  | Vaults)
 56160 | Vaults:3 | Received a gift from Okawaru
 56813 | Vaults:3 | Found a runed translucent gate.
 56813 | Vaults:3 | Found a runed translucent gate.
 56814 | Vaults:3 | Found a runed translucent gate.
 56814 | Vaults:3 | Found an opulent altar of Gozag.
 56816 | Vaults:3 | Noticed DuloT34's ghost (veteran GrIE)
 56817 | Vaults:3 | Found Emahaat's Assorted Antiques.
 56840 | Vaults:3 | Killed DuloT34's ghost
 56871 | Vaults:3 | Gained mutation: Potions are less effective at restoring
                  | your health. [a neqoxec]
 57187 | Vaults:3 | Reached XP level 23. HP: 163/163 MP: 31/31
 57528 | Vaults:3 | Received a gift from Okawaru
 57843 | Vaults:4 | Found a huge runed gate.
 57843 | Vaults:4 | Found a huge runed gate.
 57843 | Vaults:4 | Found a huge runed gate.
 57843 | Vaults:4 | Found a huge runed gate.
 57843 | Vaults:4 | Found a huge runed gate.
 57843 | Vaults:4 | Found a huge runed gate.
 57843 | Vaults:4 | Found a huge runed gate.
 57843 | Vaults:4 | Found a huge runed gate.
 57844 | Vaults:4 | Found a huge runed gate.
 57844 | Vaults:4 | Found a huge runed gate.
 57844 | Vaults:4 | Found a huge runed gate.
 57845 | Vaults:4 | Found a huge runed gate.
 57846 | Vaults:4 | Found a huge runed gate.
 57848 | Vaults:4 | Found a huge runed gate.
 57848 | Vaults:4 | Found a huge runed gate.
 57881 | Vaults:4 | Found a huge runed gate.
 57881 | Vaults:4 | Found a huge runed gate.
 57881 | Vaults:4 | Found a huge runed gate.
 57886 | Vaults:4 | Found a huge runed gate.
 57886 | Vaults:4 | Found a huge runed gate.
 57886 | Vaults:4 | Found a huge runed gate.
 57886 | Vaults:4 | Found a huge runed gate.
 57886 | Vaults:4 | Found a huge runed gate.
 57886 | Vaults:4 | Found a huge runed gate.
 57887 | Vaults:4 | Found a huge runed gate.
 57926 | Vaults:4 | Found a huge runed gate.
 57926 | Vaults:4 | Found a huge runed gate.
 57932 | Vaults:4 | Found a huge runed gate.
 57932 | Vaults:4 | Found a huge runed gate.
 57932 | Vaults:4 | Found a huge runed gate.
 57932 | Vaults:4 | Found a huge runed gate.
 57932 | Vaults:4 | Found a huge runed gate.
 57932 | Vaults:4 | Found a huge runed gate.
 57933 | Vaults:4 | Found a huge runed gate.
 57934 | Vaults:4 | Found a huge runed gate.
 57935 | Vaults:4 | Found a huge runed gate.
 58867 | Vaults:4 | Identified the +0 scale mail of Tueshon {rF- Will+ Stlth+}
 58882 | Vaults:5 | Entered Level 5 of the Vaults
 58882 | Vaults:5 | Noticed a golden dragon
 58964 | Vaults:5 | Noticed a golden dragon
 58970 | Vaults:5 | Killed a golden dragon
 59457 | Vaults:5 | Noticed a dread lich
 59593 | Vaults:5 | Reached XP level 24. HP: 172/172 MP: 31/31
 59617 | Vaults:5 | Identified the +1 great mace "Luenuad" {spect, Fragile
                  | rN+++ Str+9 Int-5}
 59621 | Vaults:5 | Identified the ring of Tender Moments {Int+6 Dex+4}
 59702 | Vaults:5 | Killed a dread lich
 59702 | Vaults:5 | Identified the +2 pair of gloves "Nidghak" {rElec rPois
                  | rCorr Dex-4} (Okawaru gifted it to you on level 5 of the
                  | Vaults)
 59702 | Vaults:5 | Received a gift from Okawaru
 59714 | Vaults:5 | Identified the +6 dire flail "Impbane" {vorpal, Int+3 SInv}
 60262 | Vaults:5 | Found the +3 pair of seven-league boots {Rampage+∞}
 60554 | Vaults:5 | Got a silver rune of Zot
 60832 | Vaults:5 | Identified the ring of Untruth {Wiz Int+3}
 61045 | Vaults:5 | Acquired the +3 pair of mountain boots {steadfast, rC+}
 61045 | Vaults:5 | Found the +3 pair of mountain boots {steadfast, rC+}
 61406 | Slime:1  | Entered Level 1 of the Pits of Slime
 62124 | Slime:5  | Entered Level 5 of the Pits of Slime
 62405 | Slime:5  | Identified the +6 scale mail "Wuagirgha" {rC+ Str+2 Stlth-}
                  | (Okawaru gifted it to you on level 5 of the Pits of Slime)
 62405 | Slime:5  | Received a gift from Okawaru
 62544 | Slime:5  | Gained mutation: Your spells are a little easier to cast,
                  | but a little less powerful. [a shining eye]
 62548 | Slime:5  | Gained mutation: You occasionally lose the ability to read
                  | scrolls when taking damage. [a shining eye]
 62770 | Slime:5  | Found a viscous altar of Jiyva.
 62776 | Slime:5  | Noticed the Royal Jelly
 62798 | Slime:5  | Killed the Royal Jelly
 62994 | Slime:5  | Identified the +6 dire flail "Ymir" {vorpal, *Rage rCorr
                  | Str+4}
 63008 | Slime:5  | Identified the +4 long sword of Doom {holy, Dex+6}
 63022 | Slime:5  | Got Kanluts's Tome of the Earthen Frostbite
 63023 | Slime:5  | Identified the ring of Vuceemposa {Fly rElec Int+2 Dex+4}
 63072 | Slime:5  | Got a slimy rune of Zot
 63430 | Temple   | Entered the Ecumenical Temple
 63935 | D:10     | Found a glowing golden altar of the Shining One.
 63937 | D:10     | Found an ancient bone altar of Kikubaaqudgha.
 64135 | D:10     | Fell from the grace of Okawaru
 64135 | D:10     | Became a worshipper of the Shining One
 64135 | D:10     | Was placed under penance by the Shining One
 64150 | D:11     | Fell from the grace of the Shining One
 64269 | Depths:1 | Entered Level 1 of the Depths
 64269 | Depths:1 | Noticed Saint Roka
 64399 | D:10     | Became a worshipper of the Shining One
 64399 | D:10     | Was placed under penance by the Shining One
 64588 | Depths:1 | Killed Saint Roka
 64619 | Depths:1 | HP: 12/259 [titan[the fury of Okawaru] (5)]
 64630 | Depths:1 | HP: 2/259 [stone giant[the fury of Okawaru] (13)]
 65192 | Depths:1 | Found a gateway to Hell.
 65283 | Depths:1 | Noticed Aizul
 65290 | Depths:1 | Killed Aizul
 65374 | Depths:1 | Found Eries's Jewellery Shoppe.
 65877 | Depths:1 | Reached XP level 25. HP: 169/179 MP: 29/31
 65904 | Depths:1 | Found Feacap's Jewellery Emporium.
 65904 | Depths:1 | Found Buosh's Book Shop.
 65905 | Depths:1 | Found Umyto's Jewellery Emporium.
 66059 | Depths:2 | Was forgiven by the Shining One
 66069 | Depths:2 | Noticed a juggernaut
 66078 | Depths:2 | Killed a juggernaut
 66102 | Depths:2 | Noticed a juggernaut
 66107 | Depths:2 | Killed a juggernaut
 66694 | Depths:2 | Found a one-way gate leading to the halls of Pandemonium.
 66804 | Depths:2 | Found Semos's Magic Scroll Shoppe.
 66813 | Depths:2 | Bought a scroll of teleportation for 69 gold pieces
 66813 | Depths:2 | Bought a scroll of blinking for 172 gold pieces
 66813 | Depths:2 | Bought a scroll of blinking for 172 gold pieces
 68063 | Depths:3 | Reached * piety under the Shining One
 68595 | Depths:3 | Found a one-way gate to the infinite horrors of the Abyss.
 68725 | Depths:3 | Reached ** piety under the Shining One
 68802 | Depths:3 | Found Zewulorgh's Fire Supplies.
 68946 | Depths:3 | Reached *** piety under the Shining One
 69208 | Depths:3 | Identified the +2 helmet of the Pits of Slime {Harm rElec
                  | MP+9}
 69693 | Depths:3 | Identified the ring "Parhoh" {rCorr Dex+6}
 69752 | Depths:3 | Identified the +7 rapier "Giclelu" {venom, MP+9}
 70339 | Depths:4 | Entered Level 4 of the Depths
 70522 | Depths:4 | Found a one-way gateway to a ziggurat.
 70529 | Depths:4 | Reached **** piety under the Shining One
 70549 | Depths:4 | Reached XP level 26. HP: 166/188 MP: 30/31
 71442 | Depths:4 | HP: 7/188 [titan/the air[the fury of Okawaru] (9)]
 71705 | Depths:3 | Was forgiven by Okawaru
 72593 | Depths:4 | Found a gate to the Realm of Zot.
 72703 | Depths:4 | Found Tycuf's General Store.
 72706 | Depths:4 | Found Qeith's Weapon Shoppe.
 72706 | Depths:4 | Found Ogreoryif's Weapon Emporium.
 72709 | Depths:4 | Found Xezerph's Magic Scroll Shoppe.
 72737 | Depths:4 | Reached ***** piety under the Shining One
 72787 | Depths:4 | Bought a scroll of teleportation for 54 gold pieces
 72787 | Depths:4 | Bought a scroll of magic mapping for 63 gold pieces
 72797 | Depths:4 | Bought the +9 morningstar "Embalmer" {vorpal, *Noise rElec
                  | rCorr SInv} for 1426 gold pieces
 73307 | Hell     | Entered the Vestibule of Hell
 73307 | Hell     | Noticed Murray
 73307 | Hell     | Noticed Geryon
 73336 | Depths:4 | Killed Murray
 73905 | Depths:4 | Reached ****** piety under the Shining One
 73907 | Depths:4 | Identified a +6 sacred scourge of holy wrath (a +4 demon
                  | whip blessed by the Shining One)
 73907 | Depths:4 | Received a gift from the Shining One
 74342 | Hell     | Killed Geryon
 74395 | Hell     | Found a gateway to the ashen valley of Gehenna.
 74489 | Hell     | Found a gateway to the freezing wastes of Cocytus.
 74499 | Hell     | Paralysed by a wendigo for 1 turns
 74539 | Hell     | Found a gateway to the Iron City of Dis.
 74640 | Hell     | Found a gateway to the decaying netherworld of Tartarus.
 74682 | Hell     | Reached XP level 27. HP: 195/195 MP: 31/31
 74963 | Crypt:1  | Entered Level 1 of the Crypt
 76201 | Crypt:3  | Entered Level 3 of the Crypt
 76475 | Crypt:3  | Noticed Margery
 76528 | Crypt:3  | Killed Margery
 76791 | Crypt:3  | Found a basalt altar of Yredelemnul.
 76791 | Crypt:3  | Noticed a dread lich
 76796 | Crypt:3  | Killed a dread lich
 77228 | Crypt:3  | Found a staircase to the Tomb.
 77295 | Crypt:3  | Identified the +0 plate armour of Devotion {Fly}
 77655 | Zot:1    | Entered Level 1 of the Realm of Zot
 80892 | Zot:2    | Reached skill level 27 in Fighting
 81462 | Zot:3    | Identified the +3 ring mail of Winter {rCorr}
 82297 | Zot:4    | Noticed Vv
 82321 | Zot:4    | Killed Vv
 82402 | Zot:4    | Identified the +6 morningstar "Qootsus" {vorpal, rPois rC+
                  | MP+9}
 82648 | Zot:4    | Noticed Grunn
 82674 | Zot:4    | Killed Grunn
 83276 | Coc:1    | Entered Level 1 of Cocytus
 83277 | Coc:1    | Noticed an ancient lich
 83291 | Coc:1    | Killed an ancient lich
 83292 | Coc:1    | Noticed a dread lich
 83311 | Coc:1    | Killed a dread lich
 83637 | Coc:2    | Reached skill level 27 in Armour
 85028 | Coc:5    | Acquired the ring of the Catfish {MP-9 Int+6 Dex+8 Slay+5}
 85555 | Coc:7    | Entered Level 7 of Cocytus
 85659 | Coc:7    | Paralysed by a wendigo for 1 turns
 85991 | Coc:7    | Paralysed by a wendigo for 1 turns
 86121 | Coc:7    | Paralysed by a wendigo for 1 turns
 86149 | Coc:7    | Reached skill level 27 in Maces & Flails
 86157 | Coc:7    | Noticed Antaeus
 86186 | Coc:7    | Killed Antaeus
 86241 | Coc:7    | Got an icy rune of Zot
 86258 | Coc:7    | Identified the +9 plate armour of Jisuwkye {*Corrode rN+++
                  | Str+6 Int-2}
 86469 | Coc:7    | Reached skill level 27 in Shields
 86481 | Coc:7    | Reached skill level 1 in Evocations
 86624 | Coc:7    | Paralysed by a wendigo for 1 turns
 86888 | Coc:7    | Identified the amulet "Tetasad" {Spirit Fly Str+5 Stlth-}
 86890 | Coc:7    | Identified the +3 halberd of Prudence {freeze, rElec rC+
                  | rCorr Dex+7}
 87155 | Coc:7    | Noticed the Serpent of Hell
 87172 | Coc:7    | Killed the Serpent of Hell
 87641 | Geh:1    | Entered Level 1 of Gehenna
 87655 | Geh:1    | Reached skill level 5 in Evocations
 88807 | Geh:4    | Reached skill level 15 in Invocations
 89584 | Geh:6    | Noticed an ancient lich
 89593 | Geh:6    | Killed an ancient lich
 89654 | Geh:7    | Entered Level 7 of Gehenna
 89655 | Geh:7    | Paralysed by a Zot trap for 3 turns
 90723 | Geh:7    | Identified the +2 plate armour of Eriaxaz {rElec Regen+}
 90726 | Geh:7    | Identified the +8 dagger "Doidwywn" {freeze, rF+ Dex+4}
 90838 | Geh:7    | Identified the +11 broad axe of Doors {venom, Drain Will+++
                  | Int+10}
 91039 | Geh:7    | Found the +7 sceptre of Asmodeus
 91039 | Geh:7    | Noticed Asmodeus
 91059 | Geh:7    | Killed Asmodeus
 91089 | Geh:7    | Got an obsidian rune of Zot
 91504 | Tar:1    | Entered Level 1 of Tartarus
 91927 | Tar:3    | Found a huge runed gate.
 91927 | Tar:3    | Found a huge runed gate.
 91927 | Tar:3    | Found a huge runed gate.
 91927 | Tar:3    | Found a huge runed gate.
 91927 | Tar:3    | Found a huge runed gate.
 91927 | Tar:3    | Found a huge runed gate.
 91927 | Tar:3    | Found a huge runed gate.
 91927 | Tar:3    | Found a huge runed gate.
 91927 | Tar:3    | Found a huge runed gate.
 91927 | Tar:3    | Found a huge runed gate.
 91927 | Tar:3    | Found a huge runed gate.
 91927 | Tar:3    | Found a huge runed gate.
 91927 | Tar:3    | Found a huge runed gate.
 91927 | Tar:3    | Found a huge runed gate.
 91927 | Tar:3    | Found a huge runed gate.
 91927 | Tar:3    | Found a huge runed gate.
 91927 | Tar:3    | Found a huge runed gate.
 91970 | Tar:3    | Found a huge runed gate.
 91970 | Tar:3    | Found a huge runed gate.
 91970 | Tar:3    | Found a huge runed gate.
 91970 | Tar:3    | Found a huge runed gate.
 91970 | Tar:3    | Found a huge runed gate.
 91971 | Tar:3    | Found a huge runed gate.
 91972 | Tar:3    | Found a huge runed gate.
 91973 | Tar:3    | Found a huge runed gate.
 91974 | Tar:3    | Found a huge runed gate.
 92049 | Tar:3    | Found a huge runed gate.
 92050 | Tar:3    | Found a huge runed gate.
 92058 | Tar:3    | Found a huge runed gate.
 92058 | Tar:3    | Found a huge runed gate.
 92058 | Tar:3    | Found a huge runed gate.
 92058 | Tar:3    | Found a huge runed gate.
 92058 | Tar:3    | Found a huge runed gate.
 92058 | Tar:3    | Found a huge runed gate.
 92059 | Tar:3    | Found a huge runed gate.
 92060 | Tar:3    | Found a huge runed gate.
 92069 | Tar:3    | Noticed a dread lich
 92069 | Tar:3    | Noticed an ancient lich
 92074 | Tar:3    | Killed an ancient lich
 92088 | Tar:3    | Killed a dread lich
 92636 | Tar:5    | Noticed a dread lich
 92640 | Tar:5    | Killed a dread lich
 93089 | Tar:7    | Entered Level 7 of Tartarus
 93435 | Tar:7    | Reached skill level 27 in Invocations
 93452 | Tar:7    | Noticed a dread lich
 93463 | Tar:7    | Killed a dread lich
 93516 | Tar:7    | Noticed a dread lich
 93529 | Tar:7    | Killed a dread lich
 93582 | Tar:7    | Reached skill level 10 in Dodging
 93591 | Tar:7    | Noticed Ereshkigal
 93591 | Tar:7    | Paralysed by Ereshkigal for 4 turns
 93600 | Tar:7    | Paralysed by Ereshkigal for 4 turns
 93607 | Tar:7    | Killed Ereshkigal
 93828 | Tar:7    | Noticed a dread lich
 93837 | Tar:7    | Killed a dread lich
 93854 | Tar:7    | Noticed an ancient lich
 93872 | Tar:7    | Killed an ancient lich
 93932 | Tar:7    | Identified the +1 scale mail of Lugonu {Will+ Stlth+}
 93981 | Tar:7    | Got a bone rune of Zot
 94118 | Tar:7    | Found the brooch of Shielding {Spirit SH+8}
 94129 | Tar:7    | Identified the +7 trident "Zesem" {vorpal, Contam rPois
                  | rCorr Dex+6}
 94130 | Tar:7    | Identified the ring "Muebyex" {rF+ Str+6 Int-4}
 94359 | Tar:7    | Identified the ring "Ziosh" {rPois rCorr Int+6 Dex-3}
 94402 | Tar:7    | Identified the +5 battleaxe "Duadu" {vorpal, Will- Int+4}
 94501 | Dis:1    | Entered Level 1 of the Iron City of Dis
 94808 | Dis:2    | Noticed a dread lich
 94830 | Dis:2    | Killed a dread lich
 95643 | Dis:4    | Reached skill level 15 in Dodging
 96335 | Dis:6    | Noticed a dread lich
 96344 | Dis:6    | Killed a dread lich
 96809 | Dis:7    | Entered Level 7 of the Iron City of Dis
 99005 | Dis:7    | Identified the ring of Tender Moments {Wiz MP+9 Dex+5}
 99232 | Dis:7    | Found the +4 staff of Dispater
 99232 | Dis:7    | Noticed Dispater
 99248 | Dis:7    | Identified the +0 tower shield "Nareypou" {rPois rN+ Int-3}
 99272 | Dis:7    | HP: 1/199 [Dispater/the +4 staff of Dispater (21)]
 99275 | Dis:7    | Killed from afar by a Hell Sentinel

Illustrated notes

Levels and vault maps discovered:
D:1:      dpeg_arrival_tiny_k, layout_basic, ebering_ecumenical_altar_ruins
D:2:      cheibrodos_fertilizer, layout_rooms, uniq_terence,
          uniq_crazy_yiuf_cottage
D:3:      layout_basic, minivault_25, roderic_lattice_a, uniq_robin
D:4:      layout_basic, kennysheep_okawaru_gauntlet
D:5:      layout_rooms, kennysheep_slug_shrine, ebering_ghost_reflecting_pool,
          st_stairs_4, grunt_ministairs_12, minmay_joined_circles
D:6:      gammafunk_steamed_eel, layout_layer_cave, lemuel_tele_altar,
          minmay_temple_entry_butterflies, uniq_pikel
D:7:      kennysheep_six_static_rooms, layout_basic,
          nicolae_hepliaklqana_monster_ancestors
D:8:      nicolae_cairo_tiling_large_dashed, layout_loops_ring,
          minmay_misc_feat_doors
D:9:      layout_cave_pools, lemuel_blue_sif_altar, special_room
          [special_room_orc], minmay_misc_feat_secret_circle,
          minmay_quadrilaterals, uniq_erica
D:10:     layout_cave_pools, nicolae_overflow_hidden_temple,
          nicolae_gozag_cash_rules_everything_around_me,
          gammafunk_ghost_cemetery, nooodl_orcs_dogs
D:11:     layout_irregular_city
D:12:     layout_roguey, david_orc_1_choice, gauntlet_entry_generic
D:13:     minmay_chopped_fan, layout_cave_pools, st_stairs_6
D:14:     layout_cave_pools, grunt_vaults_entry_tiered, uniq_lodul
D:15:     gammafunk_enter_depths_forms, layout_loops_ring,
          minmay_misc_feat_nine_boxes, skrybe_limestone_x
Temple:   nicolae_temple_figure_eight
Lair:1:   layout_big_grid, portal_ice_cave_entry_pillars_1,
          nicolae_quartered_pool_super, minivault_26, uniq_urug
Lair:2:   layout_cave_pods, grunt_megastairs_1, lemuel_fruit_fields, uniq_harold
Lair:3:   layout_gridlike, minmay_shoals_entry_hut, guppyfry_snake_entry_garden,
          uniq_gastronok, uniq_amaemon
Lair:4:   layout_gridlike, kilobyte_rumbling_trees
Lair:5:   layout_cave_pods, slime_entry_1, nicolae_lair_yak_garden
Lair:6:   due_jungle_book, layout_regular_city
Shoals:1: layout_shoals, serial_shops, nicolae_shop_behind_doors,
          gammafunk_ghost_necromancy, nicolae_shop_clearance, uniq_jorgrun
Shoals:2: layout_shoals, nicolae_shoals_spring_well_temple
Shoals:3: layout_shoals, serial_shops, nicolae_diamond_shop,
          nicolae_shoals_lost_giant_hut
Shoals:4: shoals_end_simple, layout_shoals, serial_shops,
          nicolae_shop_advertising_works [nicolae_subvault_shop_adworks],
          nicolae_shoals_lost_giant_pillars
Snake:1:  layout_cave_shapes, serial_shops, nicolae_shop_behind_doors
Snake:2:  hangedman_cross_stitches, layout_layer_cave, serial_shops, shop,
          grunt_megastairs_3, lemuel_fruit_tree
Snake:3:  layout_rooms, basic_altar, nicolae_snake_gridmaze_swirls,
          serial_bayou_pond_b, nicolae_shop_sticking_my_neck_out
Snake:4:  johnstein_snake_rune_scales, layout_cave_town, st_stairs_13
Slime:1:  layout_caves
Slime:2:  layout_caves
Slime:3:  layout_caves, cheibrodos_slime_lost_civilization_7
Slime:4:  layout_caves, cheibrodos_slime_lost_civilization_4
Slime:5
Orc:1:    layout_caves, basic_altar
Orc:2:    st_orc_town, layout_caves, serial_shops, nicolae_shop_crystal,
          maelrawn_ghost_gauntlet_escape
Elf:1:    minmay_elf_arrival_circle, layout_gridlike, special_room
          [special_room_mythical_zoo], serial_corexii_hall,
          corexii_hall_statues_t, corexii_hall_statues_i,
          corexii_hall_statues_i, corexii_hall_statues_i, evilmike_minifort
Elf:2:    elven_hall_of_blades_hangedman_original [mumra_blade_entry_bloodbath],
          layout_geoelf_octagon, serial_shops, bzr_entry_islet,
          nicolae_shop_behind_doors, nicolae_shop_bloodbath_and_beyond,
          nicolae_take_the_stairs, hex_medium
Elf:3:    minmay_elf_hall_x, layout_geoelf_octagon
Vaults:1: ontoclasm_vaults_ring_square, nicolae_vaults_lopsided_apartments,
          nicolae_vaults_what_the_h, vaults_room_corners,
          nicolae_vaults_yaktaur_gun_rack, v_alt_pattern_6, v_misc_27,
          v_misc_30, vaults_dpeg_hooks, layout_vaults_ring
Vaults:2: minmay_crypt_entry_necro_gods, nicolae_vaults_stairing_the_circle,
          hangedman_vaults_locks, vaults_dpeg_encased_lava, v_rooms_6, v_misc_9,
          grunt_vaults_hallway_short, v_rooms_6, ontoclasm_vaults_twist,
          v_pattern_3, vaults_room_glass_cross, v_misc_13,
          layout_vaults_maze_snakey
Vaults:3: ebering_ghost_gozag, nicolae_vaults_meeting, hangedman_vaults_slice,
          nicolae_vaults_border_crossing, vaults_room_corners,
          ontoclasm_vaults_hangar, vaults_room_stairs_pillars, v_rooms_5,
          layout_vaults_omnigrid
Vaults:4: ontoclasm_vaults_ligature, nicolae_vaults_little_squares_5, v_misc_4,
          nicolae_vaults_network_quincunx
          [nicolae_vaults_network_quincunx_subvault,
          nicolae_vaults_network_quincunx_subvault,
          nicolae_vaults_network_quincunx_subvault,
          nicolae_vaults_network_quincunx_subvault,
          nicolae_vaults_network_quincunx_subvault], v_misc_17,
          grunt_vaults_twisty, door_vault, hangedman_vaults_capsules,
          vaults_room_corners, ontoclasm_vaults_chip, layout_vaults_omnibox
Vaults:5
Crypt:1:  layout_regular_city, grunt_crypt_arrival_split
Crypt:2:  layout_rooms, grunt_megastairs_2
Crypt:3:  cryptofortress_bobbens, uniq_margery
Depths:1: layout_cave_shapes, serial_shops, shop, hell_entry,
          grunt_decor_arrowhead, minmay_holes, kennysheep_generic_room_8,
          serial_bayou_shore_a, roderic_lattice_octagonal_star,
          minmay_shop_grove, uniq_aizul, uniq_saint_roka
Depths:2: minmay_bad_star, layout_gridlike, serial_shops,
          nicolae_lakefront_shop, grunt_hell_entry_dis_grunt, pan_entry,
          serial_bayou, serial_bayou_pond_b, serial_bayou_pond_d,
          serial_bayou_pond_d, serial_bayou_shore_b, serial_bayou_crossing
Depths:3: minmay_the_grid_octo_tiled_octocenter [minmay_the_grid_octo_focus,
          minmay_the_grid_octo_checkered, minmay_the_grid_octo_checkerflower,
          minmay_the_grid_octo_77, minmay_the_grid_octo_prize_star,
          minmay_the_grid_square_5x5_dogpile,
          minmay_the_grid_square_5x5_n_small,
          minmay_the_grid_square_5x5_inner_z,
          minmay_the_grid_square_5x5_two_walls_b], layout_cave_shapes,
          hell_entry, abyss_entry, nicolae_shop_fire_sale
          [nicolae_sub_dead_trees], infiniplex_staircase_pool_2
Depths:4: lemuel_castle_with_subvaults [lemuel_castle_interior_carwin_3],
          layout_gridlike, enter_ziggurat_b, abyss_entry_small_statue_room,
          grunt_hell_horde, minmay_misc_feat_ornament, minmay_shoptagon,
          serial_bayou_shore_b
Hell
Dis:1:    layout_regular_city
Dis:2:    layout_gridville
Dis:3:    layout_gridville
Dis:4:    layout_regular_city, nicolae_hells_hurtin_island
Dis:5:    layout_gridville, nicolae_dis_big_boring_drill
Dis:6:    layout_subdivisions
Dis:7:    iron_city_of_dis [dis_old, dis_wall_8], layout_gridville
Geh:1:    nicolae_geh_seventh_circle, layout_gehenna_lava_caves
Geh:2:    nicolae_geh_lava_swirls, layout_gehenna_pools_triple
Geh:3:    layout_gehenna_lava_caves
Geh:4:    layout_gehenna_pools_box, minmay_fire_ice_demons
Geh:5:    nicolae_geh_erupted_tower, layout_gehenna_lava_caves
Geh:6:    layout_gehenna_pools_box, not_door_vault_due
Geh:7:    evilmike_geh
Coc:1:    layout_ice_bergs, nicolae_coc_icebean_singular
          [nicolae_sub_coc_subbean]
Coc:2:    layout_ice_bergs
Coc:3:    layout_ice_bergs
Coc:4:    layout_cocytus_water_paths
Coc:5:    layout_cocytus_delve
Coc:6:    layout_cocytus_water_paths
Coc:7:    coc_grunt
Tar:1:    layout_catacombs
Tar:2:    layout_grid_maze, nicolae_tar_windowcombs
Tar:3:    layout_grid_maze, door_vault
Tar:4:    layout_cathedral_of_symmetry, grunt_tartarus_stairs_gauntlet_trap
Tar:5:    layout_honeycomb, nicolae_hells_seeping_fissure
Tar:6:    nicolae_tar_fifth_circle, layout_cathedral_of_symmetry
Tar:7:    tar_grunt_cathedral
Zot:1:    layout_cathedral_of_symmetry
Zot:2:    layout_cathedral_of_symmetry, hangedman_zot_wheel_spokes,
          grunt_megastairs_5
Zot:3:    layout_basic, lemuel_elevator
Zot:4:    layout_basic, uniq_grunn, uniq_vv

Skill      XL: |  1  2  3  4  5  6  7  8  9 10 11 12 13 14 15 16 17 18 19 20 21 22 23 24 25 26 27 |
---------------+----------------------------------------------------------------------------------+-----
Maces & Flails | 3 4 5 6 7 9 11 13 14 16 17 18 19 20 21 22 23 24 27 | 27.0
Fighting       | 4 14 15 16 18 19 20 21 22 23 24 25 27 | 27.0
Armour         | 4 5 6 7 9 10 12 13 14 15 17 18 19 20 21 22 23 24 25 27 | 27.0
Invocations    | 2 4 6 8 10 11 27 | 27.0
Shields        | 6 9 12 14 15 16 17 18 19 20 21 22 27 | 27.0
Dodging        | 4 6 7 18 | 18.6
Stealth        | 8 |  8.6
Evocations     | 8 |  8.4

Action                   |  1- 3 |  4- 6 |  7- 9 | 10-12 | 13-15 | 16-18 | 19-21 | 22-24 | 25-27 || total
-------------------------+-------+-------+-------+-------+-------+-------+-------+-------+-------++-------
Melee: Flail             |    72 |   168 |   156 |       |       |       |       |       |       ||   396
       Headbutt          |       |       |    58 |   211 |   316 |   374 |   477 |   844 |  2051 ||  4331
       Mace              |       |       |   148 |   430 |   310 |       |       |       |       ||   888
       Whip              |       |       |    49 |   474 |       |       |    25 |       |       ||   548
       Morningstar       |       |       |       |       |   868 |  1328 |  1447 |   645 |  1372 ||  5660
       Demon whip        |       |       |       |       |       |       |       |  1488 |       ||  1488
       Sacred scourge    |       |       |       |       |       |       |       |       |  3200 ||  3200
       Eveningstar       |       |       |       |       |       |       |       |       |   474 ||   474
Invok: Heroism           |       |       |     3 |    21 |    16 |    17 |    20 |    21 |       ||    98
       Finesse           |       |       |       |     7 |     1 |     5 |     6 |     8 |       ||    27
       Divine Shield     |       |       |       |       |       |       |       |       |    33 ||    33
       Cleansing Flame   |       |       |       |       |       |       |       |       |    19 ||    19
       Brand Weapon With |       |       |       |       |       |       |       |       |     1 ||     1
       Summon Divine War |       |       |       |       |       |       |       |       |    14 ||    14
  Use: Scroll            |     3 |     4 |     8 |    10 |     5 |     4 |     6 |     9 |    27 ||    76
       Potion            |     1 |     6 |     2 |     9 |       |     2 |     7 |     6 |    15 ||    48
 Stab: Petrifying        |       |       |       |       |     2 |       |       |       |       ||     2
       Held in net/web   |       |       |       |       |     1 |       |       |       |       ||     1
       Sleeping          |       |       |       |       |       |     1 |       |       |       ||     1
Armor: Scale mail        |    39 |   106 |   169 |       |       |       |       |       |       ||   314
       Chain mail        |       |       |    10 |   650 |   208 |       |       |       |       ||   868
       Crystal plate arm |       |       |       |       |   458 |   327 |       |       |       ||   785
       Quicksilver drago |       |       |       |       |       |   309 |   560 |   148 |       ||  1017
       Plate armour      |       |       |       |       |       |       |       |   686 |  1958 ||  2644
Dodge: Dodged            |    42 |    72 |   164 |   447 |   203 |   258 |   465 |   478 |  1179 ||  3308
Block: Buckler           |    15 |    49 |    52 |   112 |       |       |       |       |       ||   228
       Tower shield      |       |       |       |   345 |   192 |       |  1162 |  2143 |  5559 ||  9401
       Kite shield       |       |       |       |       |   850 |  1321 |   621 |       |       ||  2792
       Reflection        |       |       |       |       |    10 |   102 |    49 |       |       ||   161

Table legend: (Time is in decaauts)
 A = Elapsed time spent in this place.
 B = Non-inter-level travel time spent in this place.
 C = Inter-level travel time spent in this place.
 D = Time resting spent in this place.
 E = Time spent auto-exploring this place.
 F = Levels seen in this place.
 G = Mean time per level.
                   A        B        C        D        E       F      G
               +--------+--------+--------+--------+--------+-----+--------+
         Total |  95751 |  88456 |   7295 |  16997 |  52470 |  92 | 1040.8 |
       Dungeon |  22804 |  20340 |   2464 |   3215 |  13707 |  15 | 1520.3 |
        Temple |    248 |    207 |     41 |      0 |    206 |   1 |  248.0 |
          Lair |   7655 |   6936 |    719 |    479 |   5225 |   6 | 1275.8 |
        Shoals |   6628 |   6422 |    206 |   1623 |   3903 |   4 | 1657.0 |
     Snake Pit |   4609 |   4453 |    156 |    579 |   2917 |   4 | 1152.2 |
    Slime Pits |   1671 |   1400 |    271 |    203 |    704 |   5 |  334.2 |
  Orcish Mines |   2177 |   2049 |    128 |    583 |    959 |   2 | 1088.5 |
   Elven Halls |   5975 |   5694 |    281 |   1972 |   2620 |   3 | 1991.7 |
        Vaults |   7543 |   7042 |    501 |    544 |   4073 |   5 | 1508.6 |
         Crypt |   2241 |   2048 |    193 |      0 |   1547 |   3 |  747.0 |
        Depths |   9736 |   9216 |    520 |   2316 |   4970 |   4 | 2434.0 |
          Hell |    825 |    624 |    201 |    207 |    231 |   1 |  825.0 |
           Dis |   4535 |   4226 |    309 |   2179 |   1324 |   7 |  647.9 |
       Gehenna |   3312 |   2894 |    418 |    503 |   1505 |   7 |  473.1 |
       Cocytus |   3984 |   3584 |    400 |    736 |   1937 |   7 |  569.1 |
      Tartarus |   2549 |   2345 |    204 |    246 |   1311 |   7 |  364.1 |
           Zot |   5315 |   5040 |    275 |    665 |   3730 |   4 | 1328.8 |
         Abyss |    637 |    637 |      0 |      2 |      5 |   4 |  159.2 |
        Bazaar |    127 |    127 |      0 |      0 |     56 |   1 |  127.0 |
      Ice Cave |   2206 |   2206 |      0 |    703 |   1111 |   1 | 2206.0 |
      Gauntlet |    966 |    966 |      0 |    242 |    428 |   1 |  966.0 |
               +--------+--------+--------+--------+--------+-----+--------+

Top non-repeatable levels by time:
Depths:4: 3417 daAuts
Depths:3: 2913 daAuts
     D:9: 2687 daAuts
  Lair:6: 2426 daAuts
   Dis:7: 2348 daAuts
    D:12: 2300 daAuts
   Elf:2: 2222 daAuts
   IceCv: 2206 daAuts
     D:6: 2170 daAuts
   Elf:1: 2145 daAuts
Shoals:1: 2050 daAuts
Depths:2: 1973 daAuts
   Zot:2: 1939 daAuts
Vaults:5: 1915 daAuts
   Coc:7: 1888 daAuts
